 Dungeon Crawl Stone Soup version 0.28.0-47-ge53b351184 (webtiles) character file.

Game seed: 4595735847643976410

149 Zeld the Conjurer (level 5, -4/42 HPs)
             Began as a Draconian Conjurer on Apr 29, 2022.
             Slain by an orc
             ... wielding a +0 trident
              (6 damage)
             ... on level 3 of the Dungeon.
             The game lasted 00:03:15 (2558 turns).

Zeld the Conjurer (Draconian Conjurer)              Turns: 2558, Time: 00:03:16

Health: -4/42      AC:  5    Str:  9    XL:     5   Next: 9%
Magic:  5/9        EV: 13    Int: 20    God:
Gold:   119        SH:  0    Dex: 18    Spells: 6/9 levels left

rFire   . . .      SeeInvis +   a - +10 battleaxe of the Magic Mushroom {vorpal, *Slow Will+ Dex+8}
rCold   . . .      Faith    .   (shield currently unavailable)
rNeg    . . .      Spirit   .   (armour unavailable)
rPois   +          Reflect  .   (helmet restricted)
rElec   .          Harm     .   (no cloak)
rCorr   .          Rampage  .   (no gloves)
Will    +....                   (no boots)
Stlth   ++........              (no amulet)
HPRegen 0.14/turn               e - ring of poison resistance
MPRegen 0.11/turn               g - ring of see invisible

@: no status effects
A: AC +5, unfitting armour, cold-blooded
a: no special abilities


You were on level 3 of the Dungeon.
You visited 1 branch of the dungeon, and saw 3 of its levels.

You collected 119 gold pieces.

Inventory:

Hand Weapons
 a - the +10 battleaxe of the Magic Mushroom (weapon) {vorpal, *Slow Will+ Dex+8}
   (You found it on level 2 of the Dungeon)

   It inflicts extra damage upon your enemies.
   Dex:       It affects your dexterity (+8).
   *Slow:     It may slow you when you take damage.
   Will:      It increases your willpower.
Jewellery
 e - a ring of poison resistance (left hand)
 g - a ring of see invisible (right hand)
Scrolls
 b - a scroll of summoning {unknown}
 c - a scroll of silence {unknown}
 d - a scroll of torment {unknown}
 f - a scroll of immolation {unknown}
 h - a scroll of enchant armour {unknown}
 m - a scroll of amnesia {unknown}
Potions
 i - a potion of brilliance {unknown}
 j - a potion of flight {unknown}
 k - a potion of magic {unknown}
 l - a potion of degeneration {unknown}
 n - a potion of cancellation {unknown}


   Skills:
 * Level 2.4 Fighting
 + Level 2.3 Dodging
 + Level 2.3 Stealth
 * Level 2.9 Spellcasting
 * Level 4.7 Conjurations


You had 6 spell levels left.
You knew the following spells:

 Your Spells              Type           Power      Damage    Failure   Level
a - Magic Dart            Conj           84%        1d7       1%          1
b - Searing Ray           Conj           42%        2d6       3%          2

Your spell library contained the following spells:

 Spells                   Type           Power      Damage    Failure   Level
 Slow                     Hex            8%         N/A       14%         1
 Dazzling Flash           Conj/Hex       24%        N/A       16%         3
 Confusing Touch          Hex            2%         N/A       41%         3
 Vampiric Draining        Necr           2%         2d6       41%         3
 Fulminant Prism          Conj/Hex       6%         3d7       47%         4
 Iskenderun's Mystic Bla  Conj/Tloc      12%        2d5       47%         4


Dungeon Overview and Level Annotations

Branches:
Dungeon (3/15)

Altars:

Annotations:
D:2 1 runed translucent door, Crazy Yiuf, Sigmund


Innate Abilities, Weirdness & Mutations

Your plain brown scales are hard. (AC +5)
You cannot fit into any form of body armour.
You are cold-blooded and may be slowed by cold attacks.


Message History

You kill the orc!
You slash the orc!
You kill the orc!
The orc closely misses you.
The orc priest hits you with a +0 war axe!
You completely miss the orc priest. The orc closely misses you.
The orc priest hits you with a +0 war axe.
The orc closely misses you.
Unknown command.
You hit the orc priest. You tail-slap the orc priest.
The orc priest is heavily wounded.
The orc priest invokes the aid of Beogh against you.
Beogh smites you!
The orc hits you from afar with a +0 trident.
* * * LOW HITPOINT WARNING * * *
The orc priest hits you with a +0 war axe.
* * * LOW HITPOINT WARNING * * *
The orc barely misses you.
You are too injured to fight recklessly!
Unknown command.
You are too injured to fight recklessly!
Casting: Magic Dart (safe; 1% risk of failure)
Confirm with . or Enter, or press ? or * to list all spells.
Aiming: Searing Ray (safe; 3% risk of failure)
Press: ? - help, Shift-Dir - straight line, f - orc priest
Aim: an orc priest, wielding a +0 war axe (heavily wounded, 78% to hit)
The searing ray hits the orc priest.
The orc priest is severely wounded. (Press . to maintain the ray.)
The orc priest hits you with a +0 war axe.
* * * LOW HITPOINT WARNING * * *
The orc misses you.
The searing ray misses the orc priest.
The orc priest invokes the aid of Beogh against you.
You resist with some effort. The orc closely misses you.
Unknown command.
The searing ray hits the orc priest!
You kill the orc priest!
The orc hits you from afar with a +0 trident.
You die...

#....#.###.#.....#####....##.....
.....#.# .#....## ##....##....
..##.#.# .#....# .#.....#....
..##.#.# #....# .#.._..#....
.###)#.# #....# .#.....#
..##<#+###+#....## ..##⌠.⌠##
..##.............## .#####
..................##
................@8.#
......####+#....))..#
...........(....o.......
........................
###+#....................
#....................
....................
..........#####


You could see an orc.

Vanquished Creatures
  An orc priest (D:3)
  Natasha (thrice) (D:2)
  2 adders
  A worm (D:2)
  A dart slug (D:2)
  3 orcs (D:3)
  10 ball pythons
  5 endoplasms
  4 goblins
  6 hobgoblins
  2 quokkas (D:1)
  6 bats
  A frilled lizard (D:2)
  2 kobolds
  2 rats (D:1)
49 creatures vanquished.

Vanquished Creatures (others)
  A fungus (D:1)
1 creature vanquished.

Grand Total: 50 creatures vanquished

Notes
Turn   | Place    | Note
-------+----------+-------------------------------------------
     0 | D:1      | Zeld the Draconian Conjurer began the quest for the Orb.
     0 | D:1      | Reached XP level 1. HP: 14/14 MP: 3/3
    59 | D:2      | Noticed Natasha
   395 | D:1      | Reached XP level 2. HP: 15/22 MP: 0/5
   398 | D:1      | Learned a level 2 spell: Searing Ray
   496 | D:2      | Killed Natasha
   497 | D:2      | Reached skill level 1 in Fighting
   497 | D:2      | Reached XP level 3. HP: 15/28 MP: 1/6
   718 | D:1      | Found a faded altar of an unknown god.
  1324 | D:2      | Reached XP level 4. HP: 14/36 MP: 7/7
  1539 | D:2      | Noticed Natasha
  1568 | D:2      | Killed Natasha
  1591 | D:2      | Noticed Natasha
  1606 | D:2      | Killed Natasha
  2030 | D:2      | Found a runed translucent door.
  2031 | D:2      | Noticed Crazy Yiuf
  2112 | D:2      | Identified the +10 battleaxe of the Magic Mushroom {vorpal,
                  | *Slow Will+ Dex+8}
  2121 | D:2      | Noticed Sigmund
  2223 | D:3      | Reached XP level 5. HP: 11/42 MP: 3/9
  2530 | D:3      | Found a faded altar of an unknown god.
  2556 | D:3      | HP: 2/42 [orc priest/+0 war axe (6)]
  2558 | D:3      | Slain by an orc

Illustrated notes

Levels and vault maps discovered:
D:1:      lemuel_arrival_muddy, layout_rooms, dreamdust_ecumenical_altar_grove
D:2:      layout_loops_ring, uniq_crazy_yiuf_cottage, uniq_natasha, uniq_sigmund
D:3:      layout_basic, nicolae_overflow_ecumenical_swirl,
          general_overflow_altar, kennysheep_jessica_study

Skill      XL: |  1  2  3  4 |
---------------+-------------+-----
Fighting       | 1 2 |  2.4
Dodging        | 2 |  2.3
Stealth        | 2 |  2.3
Spellcasting   | |  2.9
Conjurations   | |  4.7

Action                   |  1- 3 |  4- 6 || total
-------------------------+-------+-------++-------
Melee: Unarmed           |     7 |       ||     7
       Tailslap          |     7 |     4 ||    11
       Dagger            |    52 |    20 ||    72
       Battleaxe         |       |     7 ||     7
 Cast: Magic Dart        |    20 |    12 ||    32
       Searing Ray       |     2 |     5 ||     7
Armor: Skin              |    37 |    11 ||    48
Dodge: Dodged            |    83 |    31 ||   114
